 Dungeon Crawl Stone Soup version 0.24-a0-619-gb7544fd237 (webtiles) character file.

Game seed: 17283705191277480511, levelgen mode: deterministic

84 Peloso the Shield-Bearer (level 4, -7/40 HPs)
             Began as a Minotaur Fighter on Sept 18, 2019.
             Killed from afar by Ijyb (17 damage)
             ... with an iceblast
             ... on level 3 of the Dungeon.
             The game lasted 00:03:38 (1125 turns).

Peloso the Shield-Bearer (Minotaur Fighter)         Turns: 1125, Time: 00:03:39

Health: -7/40      AC: 10    Str: 20    XL:     4   Next: 24%
Magic:  3/3        EV:  5    Int:  5    God:
Gold:   134        SH:  9    Dex: 11    Spells: 3/3 levels left

rFire    + . .     SeeInvis .   a - +0 long sword
rCold    . . .     Gourm    .   c - +0 shield
rNeg     . . .     Faith    .   b - +0 chain mail
rPois    .         Spirit   .   (helmet restricted)
rElec    .         Reflect  .   (no cloak)
rCorr    .         Harm     .   h - +0 pair of gloves
MR       .....                  (no boots)
Stlth    ..........             (no amulet)
HPRegen  0.13/turn              e - ring of protection from fire
MPRegen  0.08/turn              (no ring)

@: no status effects
A: retaliatory headbutt, horns 2
a: no special abilities


You were on level 3 of the Dungeon.
You were hungry.

You visited 1 branch of the dungeon, and saw 3 of its levels.

You collected 134 gold pieces.

Inventory:

Hand Weapons
 a - a +0 long sword (weapon)
Armour
 b - a +0 chain mail (worn)
 c - a +0 shield (worn)
 h - a +0 pair of gloves (worn)
Jewellery
 e - a ring of protection from fire (left hand)
Scrolls
 g - a scroll of identify {unknown}
 i - 2 scrolls of noise {unknown}
Potions
 d - a potion of might
 j - a potion of cancellation {unknown}
Comestibles
 f - 4 rations


   Skills:
 + Level 4.1 Fighting
 + Level 4.0 Long Blades
 + Level 4.2 Armour
 + Level 0.3 Dodging
 + Level 4.2 Shields


You had 3 spell levels left.
You didn't know any spells.
Your spell library was empty.

Dungeon Overview and Level Annotations

Branches:
Dungeon (3/15)

Altars:
Dithmenos

Annotations:
D:3 Ijyb


Innate Abilities, Weirdness & Mutations

You reflexively headbutt those who attack you in melee.
You have a pair of horns on your head.


Message History

Found 26 stones.
You now have 116 gold pieces (gained 13).
You now have 122 gold pieces (gained 6).
Found 20 sling bullets.
You see here 20 sling bullets.
Key pressed, stopping explore.
You now have 134 gold pieces (gained 12).
Ijyb the Twisted Goblin comes into view.
She is carrying a wand of iceblast (8).
Ijyb shouts!
An adder comes into view.
The adder hisses angrily.
Ijyb zaps a wand.
The mass of ice explodes!
The iceblast engulfs you!
Ijyb zaps a wand.
The mass of ice explodes!
The iceblast engulfs you.
Unknown command.
Ijyb zaps a wand.
The mass of ice explodes!
The iceblast engulfs you!
Ijyb zaps a wand.
The mass of ice explodes!
The iceblast engulfs you.
Ijyb zaps a wand.
The mass of ice explodes!
The iceblast engulfs you.
* * * LOW HITPOINT WARNING * * *
Ijyb zaps a wand.
The mass of ice explodes!
The iceblast engulfs you!
You die...

.###.##### .# #.#
.# #.###### .#
#......#
####.####.#
.......##.########
######.##.#......#
#..(......##.#
#########.##@#
#.##.# # #.##.#
#.#.##.#
#.#.##g####
#.#...S...#
#.###......##.#
#.......#####.#
####..S....#


You could see Ijyb and an adder.

Vanquished Creatures
  2 adders (D:2)
  2 oozes
  A worm (D:2)
  2 dart slugs (D:1)
  2 leopard geckos (D:2)
  2 giant cockroaches (D:2)
  5 goblins
  6 hobgoblins
  11 kobolds
  2 quokkas (D:2)
  A ball python (D:1)
  3 bats
  4 frilled lizards
  4 rats
47 creatures vanquished.

Notes
Turn   | Place    | Note
-------+----------+-------------------------------------------
     0 | D:1      | Peloso the Minotaur Fighter began the quest for the Orb.
     0 | D:1      | Reached XP level 1. HP: 19/19 MP: 0/0
   103 | D:1      | Reached XP level 2. HP: 24/27 MP: 1/1
   165 | D:1      | You fall into a shaft and drop 1 floor!
   243 | D:2      | Found a shadowy altar of Dithmenos.
   259 | D:2      | Reached XP level 3. HP: 32/33 MP: 2/2
   533 | D:2      | Reached XP level 4. HP: 40/40 MP: 3/3
  1109 | D:3      | Noticed Ijyb
  1125 | D:3      | Killed from afar by Ijyb

Levels and vault maps discovered:
D:1:      minmay_arrival_hallway, layout_rooms
D:2:      layout_loops_ring, lemuel_doored_altar, first_ration
D:3:      layout_basic, hellmonk_ghost_happy_afterlife, uniq_robin,
          uniq_crazy_yiuf_cottage, uniq_ijyb

Skill      XL: |  1  2  3  4 |
---------------+-------------+-----
Fighting       | 4 |  4.1
Armour         | 4 |  4.2
Shields        | 4 |  4.2
Long Blades    | 3 4 |  4.0
Dodging        | |  0.3

Action                   |  1- 3 |  4- 6 || total
-------------------------+-------+-------++-------
Melee: Long sword        |    81 |    19 ||   100
       Headbutt          |    13 |     5 ||    18
  Use: Potion            |     3 |       ||     3
Armor: Scale mail        |    16 |       ||    16
       Chain mail        |    18 |    15 ||    33
Dodge: Dodged            |    31 |     3 ||    34
Block: Shield            |    38 |    13 ||    51
       Rpst.: Long sword |    11 |     1 ||    12

Table legend:
 A = Non-vault XP
 B = Vault XP
 C = Vault XP percentage of total XP
 D = Non-vault monster count
 E = Vault monster count
 F = Vault count percentage of total count
                 A         B        C        D         E       F
            +---------+---------+-------+---------+---------+-------
      Total |     121 |       0 |   0.0 |      47 |       0 |   0.0
            +---------+---------+-------+---------+---------+-------
        D:1 |      42 |       0 |   0.0 |      20 |       0 |   0.0
        D:2 |      79 |       0 |   0.0 |      27 |       0 |   0.0
            +---------+---------+-------+---------+---------+-------
